AoeStats
← SSx pankeRs

Nomad

509156981Analyzed
2v2 RM · 7d ago on Sep 25, 2026· 53m 23s· 4 players
Game mode
Random Map
Map size
176×176
Population
200
Speed
Normal
Resources
Standard
Victory
Conquest
Starting age
Dark Age
Ending age
Imperial Age
RankedLock teamsTeams togetherTeam positionsShared explorationLock speedFull tech treeHidden civsTurbo modeCheats
Victory
Defeat
🇧🇷 Dravidians · Brazil
1352
+18
🇷🇺 Danes · Russia
1327
+19
🇳🇴 Lithuanians · Norway
1422
-20
🇳🇴 Varangians · Norway
1363
-17
SSx pankeRs
3:53 Loom
12:55 Feudal Age
18:02 Castle Age
16:29 Double-Bit Axe
19:00 Medium Warships
24:26 Crossbowman
25:27 Horse Collar
25:59 Bow Saw
26:23 Fletching
28:54 Ballistics
32:35 Imperial Age
30:14 Bodkin Arrow
31:17 Padded Archer Armor
31:47 Pikeman
32:27 Squires
32:38 Forging
32:51 Arbalester
33:01 Halberdier
35:26 Scale Mail Armor
35:13 Fishing Lines
37:26 Chemistry
39:49 Iron Casting
39:30 Leather Archer Armor
42:05 Bracer
44:01 Ring Archer Armor
44:41 Wheelbarrow
48:20 Blast Furnace
47:36 Chain Mail Armor
50:35 Thumb Ring
52:53 Two-Man Saw
53:10 Plate Mail Armor
privalovivan99
3:12 Loom
13:27 Feudal Age
18:23 Castle Age
18:17 Fishing Lines
20:52 Double-Bit Axe
28:37 Imperial Age
26:48 Stone Mining
30:24 Squires
30:51 Scale Mail Armor
31:26 Gillnets
32:27 Chain Mail Armor
32:13 Elite Jomsviking
33:07 Forging
35:31 Plate Mail Armor
36:03 Iron Casting
35:51 Gold Mining
36:08 Arson
38:35 Blast Furnace
37:07 Hamask
38:38 Gambesons
39:43 Bow Saw
40:09 Gold Shaft Mining
40:10 Stone Shaft Mining
40:18 Fletching
41:16 Murder Holes
41:44 Ballistics
41:22 Bodkin Arrow
42:18 Bracer
43:10 Horse Collar
44:46 Chemistry
46:02 Padded Archer Armor
46:09 Cranequins
46:55 Thumb Ring
46:52 Heavy Mounted Crossbowman
48:28 Leather Archer Armor
50:20 Conscription
50:25 Heavy Plow
52:01 Wheelbarrow
ManWithScarf
5:50 Loom
12:59 Feudal Age
19:06 Castle Age
18:16 Double-Bit Axe
27:15 Horse Collar
30:19 Forging
34:39 Wheelbarrow
38:43 Imperial Age
42:36 Heavy Mounted Crossbowman
44:16 Ballistics
43:58 Cranequins
44:32 Fletching
44:42 Padded Archer Armor
46:04 Chemistry
46:57 Bodkin Arrow
47:17 Leather Archer Armor
49:47 Cranequins
52:41 Husbandry
SpearmanRush
14:09 Feudal Age
13:22 Loom
18:09 Castle Age
15:57 Double-Bit Axe
19:55 Wheelbarrow
23:24 Hand Cart
22:56 Town Watch
27:04 Gold Mining
31:59 Imperial Age
30:03 Scale Barding Armor
31:34 Chain Barding Armor
32:50 Cavalier
33:42 Bloodlines
34:24 Plate Barding Armor
34:10 Fletching
35:30 Paladin
37:16 Husbandry
39:18 Forging
40:28 Chemistry
41:27 Iron Casting
Connection lost

Rejoining the realm…

Still unreachable

The connection could not be restored.

Session expired

The server has moved on; the page needs a fresh start.